Cogmind - Beta 12 @@@ ROGUE MODE // 2023.03.28 @ 12:13:02 Player: MrProgressor Result: Destroyed by S-27 Virus with Autogun Performance ------------- Evolutions (5) 2500 Regions Visited (14) 2800 Robots Destroyed (195) 975 Value Destroyed (7860) 7860 Prototype IDs (50) 1000 Alien Tech Used (0) 0 Bonus (811) 811 TOTAL SCORE: 15946 Bonus ------- High Alert Combat Kills 41 Follower Combat Kills 739 Aligned with FarCom 300 Met Data Miner 300 Friendly Fire -569 Cogmind --------- Core Integrity 0/1000 Matter 289/300 Energy 14/100 System Corruption 6% Temperature Cool (0) Movement Core (300) Ox5 Location -5/Factory Parts ------- > --- POWER (2) -------- (None) > --- PROPULSION (4) --- High-density Centrium Heavy Treads High-density Centrium Heavy Treads > --- UTILITY (7) ------ Experimental Shield Generator Makeshift Hacking Suite > --- WEAPON (4) ------- Enhanced Gamma Bomb Array > --- INVENTORY (5) ---- Recoil Nullifier Molecular Deconstructor Peak State ------------ > --- POWER ------------ (None) > --- PROPULSION ------- High-density Centrium Heavy Treads High-density Centrium Heavy Treads > --- UTILITY ---------- Makeshift Hacking Suite > --- WEAPON ----------- Enhanced Gamma Bomb Array Centrium Greatsword > --- INVENTORY -------- Recoil Nullifier Molecular Deconstructor [Rating: 72] Favorites ----------- Power Cooled Ion Engine Engine Cooled Ion Engine Power Core Fission Core Propulsion Light Treads Treads Light Treads Leg Carbon-fiber Leg Wheel Wheel Utility Huge Storage Unit Device Improved Cooling System Storage Huge Storage Unit Processor Improved Targeting Computer Hackware System Shield Protection Hardened Medium Armor Plating Weapon Precision Assault Rifle Energy Gun Heavy EM Shotgun Energy Cannon Phase Cannon Ballistic Gun Precision Assault Rifle Ballistic Cannon Heavy Assault Cannon Launcher Missile Launcher Special Weapon Molecular Deconstructor Impact Weapon Flail Slashing Weapon Scythe Build | -11 -10 -10 -10 -9 -8 -7 -7 -7 -7 -6 -6 -6 -6 -5 ------- Run | Jun Mat Min Exi Min Mat Fac Low Low Dat Pro Fac Low Low Fac Slots Evolved 10 | . . . . . 4 2 . . . . 2 . . 2 Power 1 | . . . . . . . . . . . 1 . . . Propulsion 2 | . . . . . 1 1 . . . . . . . . Utility 5 | . . . . . 2 1 . . . . . . . 2 Weapon 2 | . . . . . 1 . . . . . 1 . . . Parts Attached 214 | . 9 6 . . 38 34 5 7 . 6 49 5 24 31 Power 19 | . 1 1 . . 2 1 . 1 . . 7 . 5 1 Engine 13 | . 1 1 . . 2 1 . . . . 3 . 4 1 Core 6 | . . . . . . . . 1 . . 4 . 1 . Reactor . | . . . . . . . . . . . . . . . Propulsion 44 | . 3 . . . 5 9 2 3 . . 10 1 3 8 Treads 39 | . 3 . . . 5 8 2 3 . . 6 1 3 8 Leg 4 | . . . . . . . . . . . 4 . . . Wheel 1 | . . . . . . 1 . . . . . . . . Hover . | . . . . . . . . . . . . . . . Flight . | . . . . . . . . . . . . . . . Utility 72 | . 3 3 . . 13 7 3 2 . 4 14 2 8 13 Device 44 | . 2 3 . . 7 4 1 2 . 4 10 2 5 4 Storage 5 | . 1 . . . 1 1 . . . . . . . 2 Processor 1 | . . . . . . 1 . . . . . . . . Hackware 6 | . . . . . 1 1 . . . . 2 . . 2 Protection 16 | . . . . . 4 . 2 . . . 2 . 3 5 Artifact . | . . . . . . . . . . . . . . . Weapon 79 | . 2 2 . . 18 17 . 1 . 2 18 2 8 9 Energy Gun 24 | . . 1 . . 9 7 . 1 . 1 5 . . . Energy Cannon 6 | . . . . . . 1 . . . . 4 . 1 . Ballistic Gun 11 | . 2 1 . . 1 6 . . . . . . . 1 Ballistic Cannon 10 | . . . . . . 1 . . . . 3 1 5 . Launcher 9 | . . . . . 1 . . . . 1 3 . . 4 Special Weapon 1 | . . . . . . . . . . . . . 1 . Impact Weapon 6 | . . . . . 4 2 . . . . . . . . Slashing Weapon 12 | . . . . . 3 . . . . . 3 1 1 4 Piercing Weapon . | . . . . . . . . . . . . . . . Special Melee Weapon . | . . . . . . . . . . . . . . . Unidentified Prototypes 13 | . . 1 . . 3 3 . . . . . . 1 5 Parts Lost 71 | . . 2 . . 4 1 3 6 . . 16 . 15 24 Power 12 | . . . . . 1 . . 1 . . 3 . 5 2 Propulsion 17 | . . . . . . . 1 3 . . 5 . 2 6 Utility 21 | . . . . . 2 1 1 2 . . 4 . 4 7 Weapon 21 | . . 2 . . 1 . 1 . . . 4 . 4 9 Highest Loss Streak 14 | . . 2 . . 4 1 1 3 . . 7 . 5 14 To Critical Strikes 1 | . . . . . . . . . . . 1 . . . Average Slot Usage (%) 95 | . 97 99 100 100 99 99 97 95 100 100 96 87 89 75 Engine 6 | . 14 14 14 14 8 6 7 3 . . 1 6 10 4 Core 2 | . . . . . . . . 3 7 7 9 6 1 4 Treads 26 | . 23 28 28 28 27 30 28 28 30 30 24 23 25 18 Device 9 | . 11 14 14 14 8 4 9 8 15 15 10 2 11 3 Storage 7 | . 14 14 14 14 9 7 7 7 7 7 6 6 6 4 Processor 4 | . . . . . . 5 7 7 7 7 6 6 5 . Hackware 7 | . . . . . 7 14 7 7 7 7 6 6 6 12 Protection 3 | . . . . . 9 3 4 3 . . . 4 . 8 Energy Gun 8 | . 1 13 14 14 23 7 . 7 7 6 11 . . . Energy Cannon 1 | . . . . . . 1 . . . . 4 6 1 1 Ballistic Gun 7 | . 26 14 14 14 1 11 22 15 15 15 2 . . 2 Ballistic Cannon 3 | . . . . . . . . . . . 3 5 14 3 Slashing Weapon 1 | . . . . . . 1 . . . . . 6 . 5 Naked Turns . | . . . . . . . . . . . . . . . Heaviest Build 146 | 13 32 35 35 35 50 110 114 112 107 112 140 136 142 146 Greatest Support 180 | 20 40 40 40 40 69 88 88 98 98 98 104 98 98 180 Greatest Overweight (x) 5 | . . . . . . 1 1 1 1 1 4 1 1 5 Average Overweight (x) . | . . . . . . . 1 1 1 1 1 1 1 . Largest Inventory Capacity 25 | . 15 15 15 15 15 25 25 25 25 25 25 25 25 25 Average Capacity 22 | . 9 15 15 15 15 24 25 25 25 25 25 25 25 22 Most Carried 25 | . 12 15 15 15 15 25 25 24 21 25 25 25 25 25 Average Carried 20 | . 8 12 14 15 14 22 24 21 21 24 23 24 23 19 Final Capacity 25 | 8 15 15 15 15 15 25 25 25 25 25 25 25 25 5 Final Carried 25 | 6 12 15 15 15 15 25 25 21 21 25 24 25 23 3 Class Distribution -------------------- 22% | Gunner 14% | Mutant 14% | Skirmisher 10% | Hacker-Skirmisher 9% | Scavenger-Mutant 7% | Hacker-Mutant 7% | Scavenger-Gunner 6% | Tank 4% | Scavenger-Skirmisher Dominant Class ---------------- Mutant | -10/Materials Mutant | -10/Mines Mutant | -10/Exiles Mutant | -9/Mines Skirmisher | -8/Materials Hacker-Skirmisher | -7/Factory Tank | -7/Lower Caves Gunner | -7/Lower Caves Gunner | -7/Data Miner Gunner | -6/Proximity Caves Skirmisher | -6/Factory Gunner | -6/Lower Caves Scavenger-Mutant | -6/Lower Caves Hacker-Mutant | -5/Factory Resources | -11 -10 -10 -10 -9 -8 -7 -7 -7 -7 -6 -6 -6 -6 -5 ----------- Run | Jun Mat Min Exi Min Mat Fac Low Low Dat Pro Fac Low Low Fac Matter Collected 5696 | 190 294 333 . . 735 551 552 215 . 194 790 195 1123 524 Remotely . | . . . . . . . . . . . . . . . Salvage Created 8212 | . 384 229 . . 1367 988 691 504 . 370 1616 130 786 1147 Parts 389 | . 33 8 . . 82 62 30 16 . 12 76 3 25 42 Haulers Intercepted 10 | . 1 . . . 5 1 . . . . 2 . . 1 Recyclers Shooed 5 | . . . . . . . . . . . 2 . . 3 Parts Field Recycled . | . . . . . . . . . . . . . . . Retrieved Matter . | . . . . . . . . . . . . . . . Parts Self-Destructed 98 | . . . . . . . 32 20 . 10 . 12 24 . Prevented 4 | . . . . . . . . . . . . . 4 . Kills | -11 -10 -10 -10 -9 -8 -7 -7 -7 -7 -6 -6 -6 -6 -5 ------- Run | Jun Mat Min Exi Min Mat Fac Low Low Dat Pro Fac Low Low Fac Combat Hostiles Destroyed 156 | . 11 6 . . 15 16 15 11 . 8 22 2 25 25 Melee 12 | . . . . . . . . . . . . 1 . 11 Guns 88 | . 11 5 . . 14 14 15 11 . 6 12 . . . Cannons 39 | . . . . . . 1 . . . . 8 1 24 5 AOE 12 | . . . . . . 1 . . . 2 . . . 9 Classes Destroyed 19 | . 5 1 . . 6 2 1 . . . 1 1 2 . Worker 3 | . . . . . 2 . . . . . 1 . . . Builder 7 | . . . . . 4 1 . . . . 2 . . . Hauler 10 | . 1 . . . 5 1 . . . . 2 . . 1 Recycler 5 | . . . . . 2 1 . . . . 2 . . . Mechanic 4 | . 1 . . . 1 1 . . . . . . . 1 Operator 2 | . . . . . 2 . . . . . . . . . Turret 1 | . . . . . 1 . . . . . . . . . Watcher 7 | . 1 . . . 3 1 . . . . 2 . . . Swarmer 29 | . 6 2 . . 3 3 5 3 . . 2 . 5 . Grunt 57 | . 5 2 . . 6 6 4 6 . 7 6 . 7 8 Brawler 6 | . . . . . . . 1 1 . . . 1 3 . Duelist 4 | . . . . . . 1 2 . . 1 . . . . Protector 3 | . . . . . . . . . . . . . 1 2 Sentry 20 | . . 2 . . 5 . 2 1 . . 2 . 2 6 Specialist 7 | . . . . . . . . . . . . . 3 4 Hunter 9 | . . . . . 1 . 1 . . . 4 . 2 1 Programmer 19 | . . . . . . 6 . . . . 7 . 2 4 Heavy 1 | . . . . . . . . . . . 1 . . . Thug 1 | . . . . . . 1 . . . . . . . . Mutant 1 | . . . . . . . . . . . . 1 . . Best Kill Streak 13 | . 5 2 . . 13 4 5 6 . 5 5 1 6 12 Combat Bots Only 9 | . 5 2 . . 6 3 5 6 . 5 5 1 6 9 Max Kills in Single Turn 3 | . 1 2 . . 2 2 1 2 . 2 2 1 2 3 Gunslinging 1 | . . 1 . . 1 . . . . . . . . . Exploded 3 | . . . . . . 1 . . . 2 . . . 3 Melee 1 | . . . . . . . . . . . . 1 . 1 Uniques/NPCs Destroyed . | . . . . . . . . . . . . . . . Combat | -11 -10 -10 -10 -9 -8 -7 -7 -7 -7 -6 -6 -6 -6 -5 -------- Run | Jun Mat Min Exi Min Mat Fac Low Low Dat Pro Fac Low Low Fac Damage Taken 14107 | . 456 253 . . 1200 892 1058 867 . 168 2427 276 2220 4290 Core 1869 | . 46 29 . . 57 59 110 193 . 18 168 36 145 1008 Absorbed by Shields 494 | . . . . . . 85 251 . . . 47 . 85 26 Redirected to Shielding 104 | . . . . . . . . . . . . . 104 . Regen/Repaired (Parts) 1112 | . . . . . 69 33 . . . . . . . 1010 Core Remaining (%) 72 | 100 . . . 70 89 . . . . 45 . . 58 . Volleys Fired 376 | . 41 15 . . 57 43 33 21 . 14 66 3 60 23 Largest 4 | . 2 2 . . 3 3 3 3 . 3 4 2 3 3 Hottest 293 | . 60 73 . . 175 155 84 117 . 117 293 145 198 197 Shots Fired 1008 | . 82 29 . . 166 109 99 63 . 42 215 7 154 42 Gun 704 | . 82 29 . . 166 105 99 63 . 39 118 . . 3 Cannon 284 | . . . . . . 4 . . . . 94 7 149 30 Launcher 15 | . . . . . . . . . . 3 3 . . 9 Special 5 | . . . . . . . . . . . . . 5 . Kinetic 582 | . 80 18 . . 19 78 99 42 . 28 52 4 134 28 Thermal 275 | . . 11 . . 55 3 . 21 . 11 151 3 15 5 Explosive 15 | . . . . . . . . . . 3 3 . . 9 Electromagnetic 131 | . 2 . . . 92 28 . . . . 9 . . . Robot Hit Streak 42 | . 6 5 . . 12 8 20 28 . 33 42 3 8 11 Robot Miss Streak 9 | . 3 3 . . 9 8 1 3 . 2 8 2 5 3 Penetration Max 1 | . . . . . . . . . . . . . 1 1 Secondary Targets 14 | . 1 1 . . 4 2 1 3 . 2 . . . . Max Gunslinging Chain 1 | . 1 1 . . 1 1 1 1 . 1 . . . . Shots Hit Robots 721 | . 45 20 . . 108 79 79 53 . 35 141 6 84 71 Core Hits 396 | . 20 8 . . 58 39 29 19 . 24 71 3 55 70 Critical Kills 1 | . . . . . . . . . . . . . 1 . Critical Parts Destroyed 6 | . . . . . . . 1 1 . . . . 2 2 Critical Strikes 36 | . . 1 . . 3 . 1 3 . 1 11 1 8 7 Burn 18 | . . 1 . . 3 . . 2 . 1 11 . . . Destroy 7 | . . . . . . . 1 1 . . . . 3 2 Blast 6 | . . . . . . . . . . . . 1 5 . Sever 5 | . . . . . . . . . . . . . . 5 Melee Attacks 82 | . . . . . 16 5 . . . . 3 5 1 52 Impact 12 | . . . . . 9 3 . . . . . . . . Slashing 70 | . . . . . 7 2 . . . . 3 5 1 52 Piercing . | . . . . . . . . . . . . . . . Sneak Attacks 8 | . . . . . 6 . . . . . . . . 2 Combat Hostiles . | . . . . . . . . . . . . . . . Follow-up Attacks 7 | . . . . . . . . . . . . . . 7 Damage Inflicted 21530 | . 707 280 . . 2780 1723 1476 1010 . 920 3639 238 3154 5603 Guns 9354 | . 707 280 . . 1984 1573 1476 1010 . 629 1634 . . 61 Cannons 6127 | . . . . . . 64 . . . . 1939 138 3154 832 Explosions 3179 | . . . . . 429 86 . . . 291 66 . . 2307 Melee 2859 | . . . . . 367 . . . . . . 100 . 2392 Ramming 11 | . . . . . . . . . . . . . . 11 Kinetic 9760 | . 707 195 . . 222 1228 1476 689 . 443 879 107 2972 842 Thermal 4141 | . . 85 . . 542 117 . 321 . 186 2626 31 182 51 Explosive 3027 | . . . . . 363 . . . . 291 66 . . 2307 Electromagnetic 1732 | . . . . . 1286 378 . . . . 68 . . . Impact . | . . . . . . . . . . . . . . . Slashing 2859 | . . . . . 367 . . . . . . 100 . 2392 Piercing . | . . . . . . . . . . . . . . . Highest Corruption 8 | . . . . . 8 3 . . . . 2 3 4 6 Average Corruption 2 | . . . . . 5 1 . . . . 1 2 2 2 Corruption Purged 14 | . . . . . 5 3 . . . . . 3 3 . Corruption Blocked 8 | . . . . . . . . . . . 8 . . . Effects 131 | . . . . . 58 22 . . . . 4 18 21 8 Message Errors 45 | . . . . . 20 6 . . . . 1 3 12 3 Matter Fused 30 | . . . . . 12 4 . . . . . 10 3 1 Heat Flow Errors 18 | . . . . . 13 3 . . . . 1 . . 1 Energy Discharges 13 | . . . . . 5 3 . . . . . 1 2 2 Data Loss (minor) 11 | . . . . . 2 4 . . . . 1 1 3 . Data Loss (major) 3 | . . . . . 1 1 . . . . . 1 . . Misfires 5 | . . . . . 3 . . . . . 1 1 . . Alerts 3 | . . . . . 1 . . . . . . 1 1 . Weapon Failures 3 | . . . . . 1 1 . . . . . . . 1 Overload Shots . | . . . . . . . . . . . . . . . Overflow Damage 600 | . . . . . 19 15 . . . . 86 8 142 330 Projectiles 305 | . . . . . . 15 . . . . 86 8 142 54 Explosions 63 | . . . . . 16 . . . . . . . . 47 Melee 232 | . . . . . 3 . . . . . . . . 229 Knockbacks 43 | . . . . . . . . . . . 13 1 29 . Impact . | . . . . . . . . . . . . . . . Kinetic 41 | . . . . . . . . . . . 13 1 27 . Secondary 2 | . . . . . . . . . . . . . 2 . Self-Inflicted Damage 364 | . . . . . 200 39 . . . . . . . 125 Shots 8 | . . . . . 3 1 . . . . . . . 4 Rammed 4 | . . . . . . . . . . . . . . 4 Targets Rammed 4 | . . . . . . . . . . . . . . 4 Kicked . | . . . . . . . . . . . . . . . Crushed . | . . . . . . . . . . . . . . . Highest Temperature 507 | . 24 130 . . 421 234 16 116 . 380 507 196 400 303 Average Temperature 96 | . 7 39 . . 88 44 7 35 . 170 132 89 114 111 Received Heat Transfer 2667 | . 135 108 . . 261 124 166 408 . 117 120 81 427 720 Effects 13 | . . . . . 2 . . . . . 10 . 1 . Shutdowns 5 | . . . . . 1 . . . . . 3 . 1 . Interference 3 | . . . . . . . . . . . 3 . . . Matter Decay 3 | . . . . . 1 . . . . . 2 . . . Short Circuit 1 | . . . . . . . . . . . 1 . . . Damage (minor) 1 | . . . . . . . . . . . 1 . . . Siege Activations . | . . . . . . . . . . . . . . . Robots Corrupted 1 | . . . . . 1 . . . . . . . . . Combat Hostiles 1 | . . . . . 1 . . . . . . . . . Parts Fried 10 | . . . . . 10 . . . . . . . . . Impact Corruptions 1 | . . . . . . . . . . . . . 1 . Robots Melted 3 | . . 1 . . . . . . . . 2 . . . Combat Hostiles 3 | . . 1 . . . . . . . . 2 . . . Parts Melted 27 | . . 3 . . 1 . . 2 . 1 19 . . 1 Heat Transferred 8977 | . . 333 . . 1395 137 . 851 . 481 5421 37 222 100 Parts Sabotaged 3 | . . . . . . . . . . . . . . 3 Parts Stolen . | . . . . . . . . . . . . . . . Parts Stripped . | . . . . . . . . . . . . . . . Power Chain Reactions 4 | . . . . . 3 1 . . . . . . . . Missiles Intercepted . | . . . . . . . . . . . . . . . Alert | -11 -10 -10 -10 -9 -8 -7 -7 -7 -7 -6 -6 -6 -6 -5 ------- Run | Jun Mat Min Exi Min Mat Fac Low Low Dat Pro Fac Low Low Fac Peak Influence 448 | . 193 105 . . 400 448 . . . . 299 . . 214 Initial 119 | . . 63 . . . 119 . . . . . . . 12 Average 129 | . 103 76 . . 127 192 . . . . 110 . . 64 Maximum Alert Level 2 | . . . . . 2 2 . . . . 1 . . 1 Low Security (%) 77 | . 100 100 . 100 81 58 . . . . 71 . . 98 Level 1 17 | . . . . . 18 19 . . . . 28 . . 1 Level 2 5 | . . . . . . 21 . . . . . . . . Level 3 . | . . . . . . . . . . . . . . . Level 4 . | . . . . . . . . . . . . . . . Level 5 . | . . . . . . . . . . . . . . . High Security . | . . . . . . . . . . . . . . . Max Security . | . . . . . . . . . . . . . . . Squads Dispatched 45 | . 1 . . . 7 8 . . . . 19 . 1 9 Investigation 9 | . . . . . 3 2 . . . . 2 . . 2 Extermination 10 | . . . . . . 5 . . . . 4 . . 1 Reinforcement 12 | . 1 . . . 3 1 . . . . 7 . . . Assault 3 | . . . . . . . . . . . 1 . 1 1 Garrison 11 | . . . . . 1 . . . . . 5 . . 5 Intercept . | . . . . . . . . . . . . . . . Searches Triggered . | . . . . . . . . . . . . . . . Data Miner Redirects 5 | . . . . . . . . . . . 2 . . 3 Construction Impeded 2 | . . . . . . . . . . . 2 . . . Haulers Reinforced 2 | . . . . . . 1 . . . . 1 . . . Active Scanning Responses . | . . . . . . . . . . . . . . . Cargo Convoy Interrupts 2 | . . . . . . . . . . . 1 . . 1 Stealth | -11 -10 -10 -10 -9 -8 -7 -7 -7 -7 -6 -6 -6 -6 -5 --------- Run | Jun Mat Min Exi Min Mat Fac Low Low Dat Pro Fac Low Low Fac Distress Signals 5 | . 1 . . . 2 2 . . . . . . . . Communications Jammed . | . . . . . . . . . . . . . . . Distress Signals . | . . . . . . . . . . . . . . . Times Spotted 220 | . 18 7 . . 36 26 19 11 . 8 25 4 26 40 Peak Tracking Total 16 | . 4 3 . . 8 4 9 7 . 4 4 3 7 16 Tactical Retreats 11 | . . . . . 4 2 . . . . 1 . 3 1 Traps | -11 -10 -10 -10 -9 -8 -7 -7 -7 -7 -6 -6 -6 -6 -5 ------- Run | Jun Mat Min Exi Min Mat Fac Low Low Dat Pro Fac Low Low Fac Traps Triggered 5 | . 1 . . . 1 2 . . . . 1 . . . Indirectly . | . . . . . . . . . . . . . . . Trap Hack Attempts . | . . . . . . . . . . . . . . . Triggered . | . . . . . . . . . . . . . . . Disarmed . | . . . . . . . . . . . . . . . Reprogrammed . | . . . . . . . . . . . . . . . Reused 1 | . . . . . . . . . . . . 1 . . Traps Extracted . | . . . . . . . . . . . . . . . Installed 1 | . . . . . . . . . . . . 1 . . Triggered 4 | . . . . . . . . 1 . 1 1 1 . . Most Traps Carried 1 | . . . . . . . . . . . . 1 . . Machines | -11 -10 -10 -10 -9 -8 -7 -7 -7 -7 -6 -6 -6 -6 -5 ---------- Run | Jun Mat Min Exi Min Mat Fac Low Low Dat Pro Fac Low Low Fac Machines Disabled 5 | . . . . . 2 1 . . . . 1 . 1 . Max in Single Turn 1 | . . . . . 1 1 . . . . 1 . 1 . Garrison Access 4 | . . . . . 1 . . . . . 2 . . 1 Machines Repaired . | . . . . . . . . . . . . . . . Machines Sabotaged . | . . . . . . . . . . . . . . . Overloaded Fab Kills . | . . . . . . . . . . . . . . . Hacking | -11 -10 -10 -10 -9 -8 -7 -7 -7 -7 -6 -6 -6 -6 -5 --------- Run | Jun Mat Min Exi Min Mat Fac Low Low Dat Pro Fac Low Low Fac Machines Accessed 47 | . 9 . 1 . 16 7 . . 4 . 6 1 . 3 Terminals 21 | . 7 . . . 10 1 . . . . 2 . . 1 Fabricators 3 | . . . . . . 1 . . . . 2 . . . Repair Stations 4 | . . . . . 1 2 . . . . . . . 1 Recycling Units 5 | . 2 . . . 2 1 . . . . . . . . Scanalyzers 4 | . . . . . 2 1 . . . . 1 . . . Garrison Access 4 | . . . . . 1 1 . . . . 1 . . 1 Total Hacks 180 | . 27 . 1 . 68 16 . . 29 . 21 1 . 17 Successful 126 | . 18 . 1 . 47 10 . . 29 . 11 1 . 9 Failed 54 | . 9 . . . 21 6 . . . . 10 . . 8 Catastrophic 8 | . 1 . . . 2 4 . . . . . . . 1 Database Lockouts . | . . . . . . . . . . . . . . . Manual 49 | . 19 . 1 . 22 . . . . . 6 . 1 . Terminals 71 | . 22 . . . 34 3 . . . . 7 . . 5 Fabricators 10 | . . . . . . 4 . . . . 6 . . . Repair Stations 16 | . . . . . 4 3 . . . . . . . 9 Recycling Units 10 | . 5 . . . 4 1 . . . . . . . . Scanalyzers 35 | . . . . . 25 4 . . . . 6 . . . Garrison Access 7 | . . . . . 1 1 . . . . 2 . . 3 Terminal Hacks 53 | . 8 . 1 . 9 1 . . 29 . 3 1 . 1 Record 12 | . . . . . . 1 . . 11 . . . . . Part Schematic 13 | . 1 . . . . . . . 11 . 1 . . . Robot Schematic 4 | . . . . . . . . . 4 . . . . . Robot Analysis 5 | . 1 . . . 3 . . . . . . . . 1 Prototype ID Bank 6 | . 2 . . . . . . . 3 . 1 . . . Open Door 1 | . . . . . . . . . . . . 1 . . Branch Access Points 3 | . 1 . . . 1 . . . . . 1 . . . Emergency Access Points 1 | . 1 . . . . . . . . . . . . . Repair Station Index 1 | . . . . . 1 . . . . . . . . . Scanalyzer Index 1 | . 1 . . . . . . . . . . . . . Unreport Threat 1 | . . . . . 1 . . . . . . . . . Locate Traps 1 | . 1 . . . . . . . . . . . . . Recall Investigation 1 | . . . . . 1 . . . . . . . . . Registered Components 1 | . . . . . 1 . . . . . . . . . Registered Prototypes 1 | . . . . . 1 . . . . . . . . . EX-Prototype ID Bank 1 | . . . 1 . . . . . . . . . . . Fabricator Hacks 7 | . . . . . . 3 . . . . 4 . . . Load Schematic 3 | . . . . . . 1 . . . . 2 . . . Build 4 | . . . . . . 2 . . . . 2 . . . Repair Station Hacks 12 | . . . . . 2 2 . . . . . . . 8 Scan Component 6 | . . . . . 1 1 . . . . . . . 4 Repair 6 | . . . . . 1 1 . . . . . . . 4 Recycling Unit Hacks 4 | . 2 . . . 2 . . . . . . . . . Report Inventory 4 | . 2 . . . 2 . . . . . . . . . Scanalyzer 30 | . . . . . 24 4 . . . . 2 . . . Insert Component 15 | . . . . . 12 2 . . . . 1 . . . Analyze 15 | . . . . . 12 2 . . . . 1 . . . Garrison Access Hacks 2 | . . . . . 1 . . . . . 1 . . . Seal Access 2 | . . . . . 1 . . . . . 1 . . . Unauthorized Hacks 18 | . 8 . . . 9 . . . . . 1 . . . Terminals 14 | . 6 . . . 7 . . . . . 1 . . . Track 4 | . 2 . . . 2 . . . . . . . . . Assimilate 1 | . . . . . 1 . . . . . . . . . Botnet 9 | . 4 . . . 4 . . . . . 1 . . . Fabricators . | . . . . . . . . . . . . . . . Repair Stations . | . . . . . . . . . . . . . . . Recycling Units 4 | . 2 . . . 2 . . . . . . . . . Reject 4 | . 2 . . . 2 . . . . . . . . . Scanalyzers . | . . . . . . . . . . . . . . . Garrison Access . | . . . . . . . . . . . . . . . Data Cores Recovered . | . . . . . . . . . . . . . . . Used . | . . . . . . . . . . . . . . . Hacking Detections 33 | . 8 . . . 11 7 . . . . 5 . . 2 Full Trace Events 9 | . 2 . . . 1 2 . . . . 2 . . 2 Feedback Events 1 | . . . . . . . . . . . . . . 1 Corruption 1 | . . . . . . . . . . . . . . 1 Feedback Blocked . | . . . . . . . . . . . . . . . Robot Schematics Acquired 4 | . . . . . . . . . 4 . . . . . Robots Built 2 | . . . . . . 2 . . . . . . . . Authchips . | . . . . . . . . . . . . . . . Time 116 | . . . . . . 116 . . . . . . . . Total Robot Build Rating 6 | . . . . . . 6 . . . . . . . . Part Schematics Acquired 28 | . 1 . . . 12 2 . . 11 . 2 . . . Parts Built 4 | . . . . . . 2 . . . . 2 . . . Authchips . | . . . . . . . . . . . . . . . Time 177 | . . . . . . 51 . . . . 126 . . . Total Part Build Rating 10 | . . . . . . 2 . . . . 8 . . . Parts Repaired 6 | . . . . . 1 1 . . . . . . . 4 Time 185 | . . . . . 26 25 . . . . . . . 134 Parts Recycled . | . . . . . . . . . . . . . . . Recycled Matter . | . . . . . . . . . . . . . . . Retrieved Matter . | . . . . . . . . . . . . . . . Retrieved Components . | . . . . . . . . . . . . . . . Parts Scanalyzed 15 | . . . . . 12 2 . . . . 1 . . . Part Schematics Acquired 15 | . . . . . 12 2 . . . . 1 . . . Parts Damaged 1 | . . . . . 1 . . . . . . . . . Bothacking | -11 -10 -10 -10 -9 -8 -7 -7 -7 -7 -6 -6 -6 -6 -5 ------------ Run | Jun Mat Min Exi Min Mat Fac Low Low Dat Pro Fac Low Low Fac Used RIF Installer . | . . . . . . . . . . . . . . . Robots Hacked . | . . . . . . . . . . . . . . . Non-combat . | . . . . . . . . . . . . . . . Combat . | . . . . . . . . . . . . . . . Robot Hacks Applied . | . . . . . . . . . . . . . . . Relay Couplers Released 4 | . . . . . . 3 . . . . 1 . . . Machine Destruction 1 | . . . . . . . . . . . 1 . . . Programmers 3 | . . . . . . 3 . . . . . . . . Fabnet Peak Effective % . | . . . . . . . . . . . . . . . Robots Rewired 5 | . . . . . . . . . . . . 3 2 . Allies Hacked . | . . . . . . . . . . . . . . . Hacks Repelled . | . . . . . . . . . . . . . . . Allies | -11 -10 -10 -10 -9 -8 -7 -7 -7 -7 -6 -6 -6 -6 -5 -------- Run | Jun Mat Min Exi Min Mat Fac Low Low Dat Pro Fac Low Low Fac Total Allies 14 | . . . . 2 1 5 . . . 1 . 3 2 . Largest Group 3 | . . . . 2 2 3 . . . 1 . 3 3 . Highest-Rated Group 96 | . . . . 38 38 93 . . . 96 . 60 60 . Highest-Rated Ally 96 | . . . . 31 31 31 . . . 96 . 20 29 . Total Orders 2 | . . . . . . . . . . 2 . . . . ROAM 1 | . . . . . . . . . . 1 . . . . EXPLORE 1 | . . . . . . . . . . 1 . . . . Ally Attacks 121 | . . . . . 25 67 . . . 6 . 17 6 . Total Damage 2732 | . . . . . 1079 971 . . . 230 . 396 56 . Kills 21 | . . . . . 11 8 . . . . . 2 . . Allies Corrupted . | . . . . . . . . . . . . . . . Allies Melted 1 | . . . . . . . . . . 1 . . . . Turrets Deployed 3 | . . . . . 3 . . . . . . . . . Intel | -11 -10 -10 -10 -9 -8 -7 -7 -7 -7 -6 -6 -6 -6 -5 ------- Run | Jun Mat Min Exi Min Mat Fac Low Low Dat Pro Fac Low Low Fac Robot Analysis Total 5 | . 1 . . . 3 . . . . . . . . 1 Derelict Logs Recovered 7 | . . 3 . . . . 1 1 . 1 . . 1 . Drone Launches 2 | . . . . . . . . . . 2 . . . . Drone Recoveries . | . . . . . . . . . . . . . . . Exploration | -11 -10 -10 -10 -9 -8 -7 -7 -7 -7 -6 -6 -6 -6 -5 ------------- Run | Jun Mat Min Exi Min Mat Fac Low Low Dat Pro Fac Low Low Fac Turns Passed 19829 | . 710 802 375 23 3162 2943 1435 1005 189 1212 2738 1295 3041 899 Spaces Moved 7936 | 1 371 462 232 15 1376 1089 548 385 80 460 960 522 1159 276 Core 31 | . . . . . . . . . . . . . . 31 Treads 7825 | . 292 462 232 15 1376 1089 548 385 80 460 960 522 1159 245 Legs 80 | 1 79 . . . . . . . . . . . . . Wheels . | . . . . . . . . . . . . . . . Hover . | . . . . . . . . . . . . . . . Flight . | . . . . . . . . . . . . . . . Fastest Speed 50 | 120 120 160 160 160 160 160 240 238 238 238 235 235 235 50 Average Speed 212 | 120 151 160 160 160 160 229 240 242 238 238 238 236 237 220 Slowest Speed 560 | 120 160 160 160 160 160 240 242 243 238 238 480 238 238 560 Overloaded Moves . | . . . . . . . . . . . . . . . Propulsion Burnouts . | . . . . . . . . . . . . . . . Robots Hopped 1 | . . . . . 1 . . . . . . . . . Cave-ins Triggered 1 | . . . . . 1 . . . . . . . . . Exploration Rate (%) 53 | 2 68 90 61 10 82 25 68 61 71 83 22 50 97 5 Regions Visited 14 Branch Regions 9 Pre-discovered Areas 5 | . . 2 . . . . 1 1 1 . . . . . Known Exits Taken 3 | . 1 . . . 1 . . . . . 1 . . . Unknown Exits Taken 11 | 1 . 1 1 1 . 1 1 1 1 1 . 1 1 . Scrap Searched 11 | . . 1 . . . . 2 1 . 3 . 2 2 . Spaces Dug 18 | . . . . . 10 4 . . . . 3 1 . . Terrain Destroyed 216 | . . . . . 76 7 . . . 34 23 7 51 18 Melee 18 | . . . . . 10 4 . . . . 3 1 . . Projectile 74 | . . . . . . . . . . . 9 6 51 8 AOE 124 | . . . . . 66 3 . . . 34 11 . . 10 Terrain Rammed . | . . . . . . . . . . . . . . . Walls Destroyed . | . . . . . . . . . . . . . . . Machines Disabled . | . . . . . . . . . . . . . . . Actions | -11 -10 -10 -10 -9 -8 -7 -7 -7 -7 -6 -6 -6 -6 -5 --------- Run | Jun Mat Min Exi Min Mat Fac Low Low Dat Pro Fac Low Low Fac Total 10032 | . 455 500 237 14 2191 1440 589 418 79 552 1259 568 1307 423 Wait 1125 | . 9 9 . . 654 216 . 4 . 66 144 . 11 12 Move 7920 | . 370 461 231 14 1373 1088 547 384 79 459 959 521 1158 276 Hop 1 | . . . . . 1 . . . . . . . . . Pick Up 151 | . 15 6 3 . 23 26 3 2 . 4 16 9 19 25 Fast Attach 55 | . 3 . . . 10 9 1 1 . 2 12 1 2 14 Attach 79 | . 1 2 . . 9 5 3 6 . . 20 4 16 13 Detach 8 | . . . . . . . . . . . 6 . . 2 Swap 80 | . 5 4 . . 19 20 1 . . 4 17 . 6 4 Drop 116 | . 11 3 3 . 29 28 1 . . 3 16 9 8 5 Fire 376 | . 41 15 . . 57 43 33 21 . 14 66 3 60 23 Melee 75 | . . . . . 16 5 . . . . 3 5 1 45 Ram 4 | . . . . . . . . . . . . . . 4 Kick . | . . . . . . . . . . . . . . . Crush . | . . . . . . . . . . . . . . . Escape Stasis . | . . . . . . . . . . . . . . . Rewire 41 | . . . . . . . . . . . . 15 26 . Trap 1 | . . . . . . . . . . . . 1 . . Miscellaneous . | . . . . . . . . . . . . . . . Route ------- -11/Junkyard -10/Materials (discovered 3 exits: [*Mat] / *Min x2) -10/Mines (discovered 3 exits: [*Mat x2] / *Exi) -10/Exiles -9/Mines -8/Materials (discovered 3 exits: *Fac x3) -7/Factory (discovered 2 exits: *Fac / [*Low]) -7/Lower Caves -7/Lower Caves -7/Data Miner -6/Proximity Caves -6/Factory (discovered 2 exits: *Low x2) -6/Lower Caves -6/Lower Caves (discovered 2 exits: *Fac / [*Zio]) -5/Factory History --------- Turn | Location | Event 1 | -11/Junkyard | Discovered new exit (range 0) 1 | -11/Junkyard | Entered Materials 7 | -10/Materials | Identified exit to Mines 308 | -10/Materials | Build established: Mutant 373 | -10/Materials | Discovered new exit (range 16) 711 | -10/Materials | Entered Mines 840 | -10/Mines | Found a damaged Exp. Sensor Array with a note attached 843 | -10/Mines | Found Prototype Device 844 | -10/Mines | Identified Exp. Sensor Array 879 | -10/Mines | Learned location of Storage (-9) 1110 | -10/Mines | Discovered new exit (range 16) 1199 | -10/Mines | Joined a pair of Derelicts in attacking an 0b10 outpost 1318 | -10/Mines | Learned location of 1 exit from Materials 1398 | -10/Mines | Learned Materials terminal intel 1430 | -10/Mines | Discovered new exit (range 10) 1507 | -10/Mines | Deemed a non-threat by the Exiles lab entrance 1507 | -10/Mines | Discovered new exit (range 5) 1513 | -10/Mines | Entered Exiles 1557 | -10/Exiles | Met 8R-AWN 1581 | -10/Exiles | Met EX-HEX 1641 | -10/Exiles | Met EX-DEC 1659 | -10/Exiles | Met EX-BIN 1681 | -10/Exiles | Aligned with FarCom system 1683 | -10/Exiles | Given EX-Vault access code 1720 | -10/Exiles | Opened EX-Vault 1731 | -10/Exiles | Found Deploy-a-Sentry 1734 | -10/Exiles | Found Deploy-a-Sentry 1736 | -10/Exiles | Found Deploy-a-Sentry 1771 | -10/Exiles | Warned to stay clear of 0b10 Research branches 1873 | -10/Exiles | Discovered new exit (range 10) 1888 | -10/Exiles | Left Exiles lab with Deploy-a-Sentry 1888 | -10/Exiles | Entered Mines 1901 | -9/Mines | Discovered new exit (range 7) 1911 | -9/Mines | Entered Materials 1911 | -8/Materials | Accompanied by 2 allies 1911 | -8/Materials | Evolved 4 slots: Propulsion x1, Utility x2, Weapon x1 1912 | -8/Materials | Identified exit to Factory 1913 | -8/Materials | Loaded intel: 12 terminal locations 1916 | -8/Materials | Led the pair of lost Derelicts to an unsafe place 2206 | -8/Materials | DAS Turret deployed 2521 | -8/Materials | Repaired Lgt. Treads 2544 | -8/Materials | Garrison activated, responded to threat 2637 | -8/Materials | Crushed by falling debris 2668 | -8/Materials | Lost 4 parts (1p2u1w) 2870 | -8/Materials | Build established: Scavenger-Skirmisher 2905 | -8/Materials | Discovered exit to Factory (range 12) 3180 | -8/Materials | Discovered exit to Factory (range 15) 3441 | -8/Materials | Build established: Skirmisher 4964 | -8/Materials | DAS Turret deployed 4983 | -8/Materials | DAS Turret deployed 5073 | -8/Materials | Entered Factory 5073 | -7/Factory | Evolved 2 slots: Propulsion x1, Utility x1 5215 | -7/Factory | Fabricated H-55 Commando (x2) 5271 | -7/Factory | Fabricated Lgt. Treads? 5369 | -7/Factory | Build established: Hacker-Mutant 5620 | -7/Factory | P-60 Hacker assimilated allied Commando 4b 5913 | -7/Factory | Build established: Hacker-Skirmisher 6823 | -7/Factory | Allied Derelicts emerged from ambush trap array 7284 | -7/Factory | Discovered new exit (range 8) 7679 | -7/Factory | Discovered new exit (range 14) 7703 | -7/Factory | Repaired Cld. Ion Engine 8016 | -7/Factory | Entered Lower Caves 8392 | -7/Lower Caves | Build established: Gunner 8419 | -7/Lower Caves | Encountered a Warlord checkpoint 8524 | -7/Lower Caves | Attracted the attention of an 0b10 outpost 8903 | -7/Lower Caves | Build established: Tank 9291 | -7/Lower Caves | Attracted the attention of an 0b10 checkpoint 9371 | -7/Lower Caves | Discovered new exit (range 14) 9424 | -7/Lower Caves | Spotted B-75 Beast 9451 | -7/Lower Caves | Entered another Lower Caves area 9773 | -7/Lower Caves | Build established: Gunner 9931 | -7/Lower Caves | Lost 3 parts (1p1n1u) 10008 | -7/Lower Caves | Spotted B-75 Beast 10242 | -7/Lower Caves | Encountered a Warlord checkpoint 10277 | -7/Lower Caves | Discovered new exit (range 9) 10297 | -7/Lower Caves | Learned location of Extension (-4) 10315 | -7/Lower Caves | Attracted the attention of an 0b10 checkpoint 10342 | -7/Lower Caves | Core integrity fell below 50% 10456 | -7/Lower Caves | Entered Data Miner 10456 | -7/Data Miner | Discovered new exit (range 6) 10502 | -7/Data Miner | Met Data Miner 10554 | -7/Data Miner | Learned location of Section 7 (-2) 10554 | -7/Data Miner | Acquired the access code to Warlord's prototype stash 10590 | -7/Data Miner | Received God Mode back door access code from Data Miner 10645 | -7/Data Miner | Entered Proximity Caves 11031 | -6/Proximity Caves | Escorted by Enhanced Grunt 11240 | -6/Proximity Caves | Spotted B-75 Beast 11661 | -6/Proximity Caves | Discovered new exit (range 25) 11857 | -6/Proximity Caves | Entered Factory 11857 | -6/Factory | Evolved 2 slots: Power x1, Weapon x1 11858 | -6/Factory | Identified exit to Lower Caves 12387 | -6/Factory | Build established: Skirmisher 12579 | -6/Factory | Garrison activated, responded to threat 12600 | -6/Factory | Fabricated Med. Treads (x2) 12640 | -6/Factory | Lost 7 parts (2p2n1u2w) 12924 | -6/Factory | Build established: Scavenger-Gunner 13279 | -6/Factory | Build established: Skirmisher 13556 | -6/Factory | Lost 6 parts (1n3u2w) 13845 | -6/Factory | Garrison activated, responded to threat 13892 | -6/Factory | Build established: Scavenger-Skirmisher 13900 | -6/Factory | Cargo convoy interrupted 13917 | -6/Factory | Incoming assault squad redirected 13929 | -6/Factory | Incoming assault squad redirected 14595 | -6/Factory | Entered Lower Caves 14898 | -6/Lower Caves | Build established: Gunner 15021 | -6/Lower Caves | Attacked by a delusional Derelict stockpiling Unaware 15727 | -6/Lower Caves | Discovered new exit (range 5) 15890 | -6/Lower Caves | Entered another Lower Caves area 15890 | -6/Lower Caves | Accompanied by 3 allies 15948 | -6/Lower Caves | Discovered new exit (range 16) 16064 | -6/Lower Caves | Attracted the attention of an 0b10 checkpoint 16245 | -6/Lower Caves | Encountered a Warlord checkpoint 16277 | -6/Lower Caves | Learned Factory stockpile data 16382 | -6/Lower Caves | Build established: Scavenger-Gunner 16640 | -6/Lower Caves | Attracted the attention of an 0b10 outpost 16700 | -6/Lower Caves | Lost 3 parts (2u1w) 16908 | -6/Lower Caves | Discovered new exit (range 10) 17096 | -6/Lower Caves | Acquired the password to a Derelict Tinkerer's latest research 17113 | -6/Lower Caves | Found Prototype Special Weapon 17356 | -6/Lower Caves | Caught by Unaware searching for contraband prototypes 17401 | -6/Lower Caves | Identified Molecular Deconstructor 17412 | -6/Lower Caves | Lost 3 parts (2p1w) 17669 | -6/Lower Caves | Build established: Scavenger-Mutant 18584 | -6/Lower Caves | Lost 5 parts (1p2n1u1w) 18704 | -6/Lower Caves | Caught by Unaware searching for contraband prototypes 18846 | -6/Lower Caves | Build established: Tank 18931 | -6/Lower Caves | Entered Factory 18931 | -5/Factory | Evolved 2 slots: Utility x2 19246 | -5/Factory | Lost 8 parts (3n2u3w) 19365 | -5/Factory | Repaired Lgt. Treads? 19442 | -5/Factory | Repaired Med. Treads 19488 | -5/Factory | Build established: Hacker-Mutant 19507 | -5/Factory | Repaired Hvy. Armor Plating? 19554 | -5/Factory | Repaired Huge Storage Unit 19631 | -5/Factory | Garrison activated, responded to threat 19708 | -5/Factory | Incoming investigation squad redirected 19727 | -5/Factory | Cargo convoy interrupted 19732 | -5/Factory | Garrison activated, responded to threat 19748 | -5/Factory | Incoming assault squad redirected 19748 | -5/Factory | Core integrity fell below 50% 19758 | -5/Factory | Core integrity fell below 20% 19768 | -5/Factory | Destroyed 9 combat bots 19774 | -5/Factory | Incoming assault squad redirected 19779 | -5/Factory | Found Prototype Slashing Weapon 19779 | -5/Factory | Identified Centrium Greatsword 19807 | -5/Factory | Lost 14 parts (2p3n4u5w) 19819 | -5/Factory | Found Prototype Launcher 19819 | -5/Factory | Identified Enh. Gamma Bomb Array 19825 | -5/Factory | Found Prototype Device 19825 | -5/Factory | Identified Exp. Shield Generator 19830 | -5/Factory | Destroyed by S-27 Virus with Autogun Last Messages --------------- 19814_ Y-64 Sentinel destroyed. 19814_ R-10 Processor collects Prototype Device. 19817_ K-01 Serf collects debris. 19817_ R-10 Processor collects Prototype Device. 19819_ Acquired Prototype Launcher. 19819_ Identified Enh. Gamma Bomb Array. 19819_ Slug penetrates Wall. 19820_ Y-64 Sentinel destroyed. 19820_ R-10 Processor collects Adv. Heat Sink. 19821_ Acquired 90 matter. 19821_ K-01 Serf collects debris. 19823_ Slug penetrates Wall. 19823_ R-10 Processor collects Adv. Heat Sink. 19824_ K-01 Serf collects debris. 19825_ Centrium Greatsword destroyed. 19825_ Acquired Prototype Device. 19825_ Identified Exp. Shield Generator. 19826_ Slug penetrates Wall. 19826_ R-10 Processor collects Neutrino Core. 19828_ K-01 Serf collects debris. Map ----- +----------------------------------------------------+ | #???????????????????????????????????????? | | #???????????????????????????????????????? | | #???????????????????????????????????????? | | #???????????????????????????????????????? | | #???????????????????????????????????????? | | #???????????????????????????????????????? | | #???????????????????????????????????????? | | #???????????????????????????????????????? | | #???????????????????????????????????????? | | % #???????????????????????????????????????? | | #???????????????????????????????????????? | | ######????????????????????????????????????????? | | ####???????????????????????????????????????????? | | #T ######?????#####+##?????????????????????????? | | ####### #?????????????????????????? | | + #?????????????????????????? | | #?# ??????????????????????????? | | #?# ??????????????????????????? | | #??[ ! ???????????????????????????? | | #??? ???????????????????????????? | | ######"#############???????????????? | | !%h!=]u #???????????????? | | #### #########"###=]k """ #???????????????? | | #??# #???????###?# !%R """ #???????????????? | | "######??# #???????????#! = """ #???????????????? | | ##??????? ???????????#!@* s + +???????????? | | ????????? ???????????#=** ss # #???????????? | | ????????? ???????????# * s #???????????????? | | ????????? ! ???????????# #???????????????? | | ???????? ??????????###########???????????????? | | ????????# #????????????????????????????????????? | | ????????# #????????????????????????????????????? | | ???????? #????????????????????????????????????? | | ???????? ????????????????????????????????????? | | ???????? ???????????????????????????????!????? | | ????????#####????????????????????????????????????? | | ?????????????????????????????????????????????????? | | ?????????????????????????????????????????????????? | | ?????????????????????????????????????????????????? | | ?????????????????????????????????????????????????? | | ?????????????????????????????????????????????????? | | ?????????????????????????????????????????????????? | | ?????????????????????????????????????????????????? | | ?????????????????????????????????????????????????? | | | | | | | | | | | | | +----------------------------------------------------+ Best States ------------- Heat Dissipation 83 Energy Generation 33 Energy Capacity 530 Matter Stores 300 Matter Capacity 300 Sight Range 16 Robot Scan Range 20 Terrain Scan Density 10 Jamming Range 12 Additional Mass Support 9 Base Temperature (-) 150 Armor Coverage 750 Propulsion Shielding 66 Weapon Cycling 15 Evasion (%) 55 Targeting Accuracy 6 Recoil Reduction 4 Particle Charging 15 Offensive Hacking 21 Defensive Hacking 12 Item Schematics ----------------- Lgt. Treads | -10/Materials | Hacked Imp. Heat Sink | -8/Materials | Scanalyzed Med. Armor Plating | -8/Materials | Scanalyzed Cooling System | -8/Materials | Scanalyzed Cld. Ion Engine | -8/Materials | Scanalyzed Scythe | -8/Materials | Scanalyzed Hvy. Armor Plating | -8/Materials | Scanalyzed Hvy. Particle Cannon | -8/Materials | Scanalyzed Shield Generator | -8/Materials | Scanalyzed Beamcaster | -8/Materials | Scanalyzed Minigun | -8/Materials | Scanalyzed Flail | -8/Materials | Scanalyzed Hcp. Matter Pod | -8/Materials | Scanalyzed Prc. Assault Rifle | -7/Factory | Scanalyzed Med. Treads | -7/Factory | Scanalyzed Combat Drone Bay | -7/Data Miner | Free Lgt. Regenerative Plating | -7/Data Miner | Free Biomechanical Wings | -7/Data Miner | Free Gravity Neutralizer | -7/Data Miner | Free Imp. Heavy Laser | -7/Data Miner | Free Arm. Medium Treads | -7/Data Miner | Free Recoil Nullifier | -7/Data Miner | Free Enh. Gauss Cannon | -7/Data Miner | Free Field Propulsion Drive | -7/Data Miner | Free Hvy. Mass Driver | -7/Data Miner | Free Adv. Actuator Array | -7/Data Miner | Free Imp. Heavy Armor Plating | -6/Factory | Scanalyzed Fission Core | -6/Factory | Hacked Robot Schematics ------------------ H-55 Commando | -7/Data Miner | Free C-17 Slicer | -7/Data Miner | Free Y-54 Guardian | -7/Data Miner | Free M-22 Extractor | -7/Data Miner | Free Fabricated ------------ H-55 Commando | x2 | -7/Factory | Preloaded Lgt. Treads | x2 | -7/Factory Med. Treads | x2 | -6/Factory Alien Tech Used ----------------- None Achievements -------------- A New Friend Deconstruction Challenges ------------ None Game ------ Seed VisualNovaMembrane Manual? 0 Play Time 04:09:04 Cumulative 111.4 hours Start 2023.03.23 @ 22:35:20 End 2023.03.28 @ 12:13:02 Sessions 9 Manual Loads 0 Difficulty Rogue Special Mode None Game No. 44 Rogue 44 Adventurer 0 Explorer 0 Win Type - Total 0 Types 0/0/0/0/0/0/0/0/0 Lore% 43 Gallery% 51 Achievement% 40 Wizard Run 0 Options --------- ASCII 0 Keyboard 0 Movement Numpad Keybinds 1 Fullscreen 2 Font 18/X11 Map View 76x50 Tactical HUD 1 Map Filters NONE Filters NONE Steam 1 RUN: 90f3b854-190a-449b-9faf-418a4cfcf314